 Dungeon Crawl Stone Soup version 0.29.0-13-gc9e81de378 (webtiles) character file.

Game seed: 14603134182641149936

88 Xanbad the Magician (level 4, -4/33 HPs)
             Began as a Demonspawn Hedge Wizard on Sept 7, 2022.
             Was an Initiate of Vehumet.
             Slain by a sickly merfolk siren
             ... wielding a +3 spear
              (20 damage)
             ... in a sewer.
             The game lasted 00:07:45 (3324 turns).

Xanbad the Magician (Demonspawn Hedge Wizard)       Turns: 3324, Time: 00:07:46

Health: -4/33      AC:  4    Str: 10    XL:     4   Next: 29%
Magic:  8/8        EV: 16    Int: 18    God:    Vehumet [......]
Gold:   155        SH:  5    Dex: 12    Spells: 8/9 levels left

rFire   . . .      SeeInvis .   e - +1 dagger (venom)
rCold   . . .      Faith    .   (no shield)
rNeg    . . .      Spirit   .   b - +0 robe
rPois   .          Reflect  +   c - +0 hat
rElec   .          Harm     .   (no cloak)
rCorr   .          Rampage  .   (no gloves)
Will    .....                   h - +1 pair of boots
Stlth   ++........              q - amulet of reflection
HPRegen 0.11/turn               r - +4 ring of evasion
MPRegen 0.11/turn               (no ring)

@: hasted, very quick
A: antennae 1, foul stench 1, weakness stinger 1
a: Renounce Religion


You were in a sewer.
You worshipped Vehumet.
Vehumet was noncommittal.
You visited 1 branch of the dungeon, and saw 3 of its levels.
You also visited: Sewer.

You collected 155 gold pieces.

Inventory:

Hand Weapons
 a - a +0 dagger
 e - a +1 dagger of venom (weapon)
Missiles
 m - 9 poisoned darts
 s - 26 stones
 w - 6 boomerangs
Armour
 b - a +0 robe (worn)
 c - a +0 hat (worn)
 h - a +1 pair of boots (worn)
Jewellery
 k - a ring of ice
 l - a ring of positive energy
 o - an amulet of guardian spirit
 q - an amulet of reflection (around neck)
 r - a +4 ring of evasion (left hand)
Scrolls
 j - a scroll of teleportation
 n - 2 scrolls of immolation
 t - a scroll of identify
Potions
 d - a potion of magic
 f - a potion of brilliance
 i - 2 potions of resistance
 p - 2 potions of mutation
 u - a potion of ambrosia
 v - a potion of curing {unknown}


   Skills:
 + Level 2.1 Fighting
 - Level 1.7 Dodging
 + Level 2.9 Stealth
 - Level 3.0 Spellcasting
 + Level 2.4 Conjurations
 - Level 1.0 Summonings
 - Level 0.8 Translocations


You had 8 spell levels left.
You knew the following spells:

 Your Spells              Type           Power      Damage    Failure   Level
a - Magic Dart            Conj           44%        1d5       6%          1

Your spell library contained the following spells:

 Spells                   Type           Power      Damage    Failure   Level
 Slow                     Hex            8%         N/A       16%         1
 Call Imp                 Summ           6%         N/A       16%         2
 Blink                    Tloc           10%        N/A       17%         2
 Conjure Flame            Conj/Fire      7%         6-21      30%         3
 Dazzling Flash           Conj/Hex       14%        N/A       30%         3
 Mephitic Cloud           Conj/Pois/Air  5%         N/A       34%         3
 Iskenderun's Mystic Bla  Conj/Tloc      8%         2d4       63%         4
 Starburst                Conj/Fire      3%         6d3       100%        6


Dungeon Overview and Level Annotations

Branches:
Dungeon (3/15)              Sewer (1/1)

Altars:
Vehumet

Shops:
D:3 *


Innate Abilities, Weirdness & Mutations

You have a pair of small antennae on your head.
You may rarely emit foul miasma when damaged in melee.
You have a small tail.


Message History

The quokka closely misses you.
The sickly merfolk siren hits you from afar with a +3 spear!!
Ouch! That really hurt!
* * * LOW HITPOINT WARNING * * *
The quokka barely misses you.
It was a potion of haste.
You feel yourself speed up. The quokka closely misses you.
The sickly merfolk siren chants its luring song.
It was a potion of ambrosia.
You are confused.
You feel invigorated. The quokka bites you.
* * * LOW HITPOINT WARNING * * *
The sickly merfolk siren chants its luring song.
You bump into the stone wall.
The sickly merfolk siren chants its luring song.
You miss the quokka.
The quokka is severely wounded.
The quokka barely misses you.
The rat twitches its whiskers.
You break out of your daze!
The quokka bites you but does no damage.
You miss the quokka.
The quokka is severely wounded.
You closely miss the quokka.
The quokka is severely wounded.
The quokka barely misses you.
The sickly merfolk siren hits you from afar with a +3 spear!
* * * LOW HITPOINT WARNING * * *
The quokka barely misses you.
The sickly merfolk siren chants a haunting song.
You resist.
You bump into the stone wall.
The quokka barely misses you.
You miss the quokka.
The quokka is severely wounded.
The quokka closely misses you.
You feel less invigorated.
You feel less confused.
The sickly merfolk siren hits you with a +3 spear!!
Ouch! That really hurt!
You die...

### ~...## ~~~...#
#~~~...#######
#~≈~~~...rrr.#
#≈≈≈~~~~~~##@#
####~###≈≈≈#m# #### ..
###≈~~#############..#
#$$
#≈≈~~~~~~†~~~~~..~..
##
##########≈~≈≈≈≈≈≈≈~
#############
#∩∩~~~~†.....
###~~~.###### ##~.##


You could see a sickly merfolk siren, a quokka and 2 rats.

Vanquished Creatures
  An adder (D:3)
  A river rat (D:3)
  A worm (D:3)
  2 dart slugs
  An orc (D:3)
  7 bats
  3 endoplasms
  6 giant cockroaches
  5 goblins
  5 hobgoblins
  5 jackals
  4 ball pythons
  3 frilled lizards (Sewer)
  17 rats
61 creatures vanquished.

Notes
Turn   | Place    | Note
-------+----------+-------------------------------------------
     0 | D:1      | Xanbad the Demonspawn Hedge Wizard began the quest for the
                  | Orb.
     0 | D:1      | Reached XP level 1. HP: 13/13 MP: 4/4
   238 | D:1      | Gained mutation: You may rarely emit foul miasma when
                  | damaged in melee. [demonic ancestry]
   238 | D:1      | Reached XP level 2. HP: 17/20 MP: 0/6
   616 | D:1      | Reached skill level 1 in Fighting
  1823 | D:2      | Found a faded altar of an unknown god.
  2386 | D:3      | Discovered your monstrous ancestry.
  2386 | D:3      | Gained mutation: You have a small tail. [demonic ancestry]
  2386 | D:3      | Reached XP level 3. HP: 26/26 MP: 4/7
  2663 | D:3      | Found a radiant altar of Vehumet.
  2689 | D:3      | Became a worshipper of Vehumet
  2875 | D:3      | Found Upsyidul's General Store.
  3034 | D:3      | Found a glowing drain.
  3057 | D:3      | Gained mutation: You have a pair of small antennae on your
                  | head. [demonic ancestry]
  3057 | D:3      | Reached XP level 4. HP: 33/33 MP: 2/8
  3096 | Sewer    | Entered a sewer
  3324 | Sewer    | Slain by a sickly merfolk siren

Illustrated notes

Levels and vault maps discovered:
D:1:      nzn_arrival_water_spiral, layout_basic, chequers_serial_rivers_room_b
D:2:      layout_basic, nicolae_ecumenical_lake_church
D:3:      layout_basic, fiery_altar_vehumet, demons_altar, serial_shops, shop,
          portal_sewer_entry_b
Sewer:    sewer_sea

Skill      XL: |  1  2  3 |
---------------+----------+-----
Stealth        | 2 |  2.9
Fighting       | 1 2 |  2.1
Conjurations   | 2 |  2.4
Dodging        | |  1.7
Spellcasting   | |  3.0
Summonings     | |  1.0
Translocations | |  0.8

Action                   |  1- 3 |  4- 6 || total
-------------------------+-------+-------++-------
Melee: Dagger            |    45 |     8 ||    53
       Tailslap          |     3 |     2 ||     5
 Cast: Magic Dart        |    92 |    25 ||   117
  Use: Scroll            |     8 |       ||     8
       Potion            |       |     2 ||     2
 Stab: Sleeping          |       |     1 ||     1
Armor: Robe              |    15 |     2 ||    17
Dodge: Dodged            |    40 |    11 ||    51
Block: Other             |     3 |       ||     3
